cohdb
Replays
Latest Replays
All Replays
Popular Replays
Top Player Replays
Match Explorer
How It Works
Community
CoH3 Stats
Reddit
Sign in to upload your games and track your stats! →
Sign in with Steam
Match 45364568
Unlisted
Match 45364568
Overview
Messages
Build Orders
End
Medical Station
Construct Infanterie Kompanie
Selects Terror Battlegroup
Selects Machine Gun Camouflage
MG 42 Machine Gun Team
GrW 34 Mortar Team
Grenadier Squad
MG 42 Machine Gun Team
GrW 34 Mortar Team
MG 42 Machine Gun Team
Infanterie Officer Quarters
Construct Panzergrenadier Kompanie
Pak 40 Anti-tank Gun Team
Grenadier Squad
Construct Panzer Kompanie
Stoßtruppen Squad
Selects No Quarter
Pioneer Squad
Panzer IV Medium Tank
Pioneer Squad
Pak 40 Anti-tank Gun Team
Polly
-RainyCloudCore
这游戏太难了
Be Frabjous
water
후암후암
0
0
Comments
sign in to comment!
No comments posted yet!